[Event "Team 45 45 League T79"]
[Site "Internet Chess Club"]
[Date "2018.12.23"]
[Round "1"]
[White "justice02"]
[Black "Ajolote"]
[Result "0-1"]
[WhiteElo "1630"]
[BlackElo "1896"]
[Opening "Nimzo-Indian: Spielmann variation"]
[ECO "E22"]
[Time "14:00:33"]
[TimeControl "2700+45"]

1. c4 Nf6 2. d4 e6 3. Nc3 Bb4 4. Qb3 c5 5. Nf3 O-O 6. a3 cxd4 7. Nxd4 Bc5 8. e3
Nc6 9. Nxc6 bxc6 10. Bd3 d5 11. cxd5 exd5 12. Qc2 Bb7 13. Bd2 d4 14. exd4 Re8+
15. Ne2 Bxd4 16. O-O c5 17. Nxd4 cxd4 18. Rae1 Qd5 19. Rxe8+ Rxe8 20. f3 h5 21.
Qa4 Bc6 22. Qxa7 Ra8 23. Qc7 Bb5 24. Qc2 Bxd3 25. Qxd3 Nd7 26. Bc3 Ra4 27. Bb4
Ne5 28. Qc2 Ra8 29. Rd1 Rd8 30. Kf2 f5 31. Qc5 Qb3 32. Qxe5 Qxd1 33. Qxf5 d3 34.
Qe6+ Kh8 35. Qe7 Qc2+ 36. Kg3 Qc8 37. Bd2 Rd5 38. Qe3 Qc6 39. Bc3 Qd6+ 40. Kf2
d2 41. Qe8+ Kh7 42. Qe4+ g6 43. Qe8 d1=N+ {White resigns} 0-1

[Event "Team 45 45 League T79"]
[Site "Internet Chess Club"]
[Date "2018.12.24"]
[Round "1"]
[White "Insan996"]
[Black "zepled37"]
[Result "0-1"]
[WhiteElo "1634"]
[BlackElo "1689"]
[Opening "Neo-Grünfeld, 6.cd Nxd5, 7.O-O c5, 8.Nc3"]
[ECO "D90"]
[Time "09:09:52"]
[TimeControl "2700+45"]

1. d4 Nf6 2. Nf3 g6 3. c4 Bg7 4. Nc3 d5 5. cxd5 Nxd5 6. g3 O-O 7. Bg2 c5 8. O-O
Nc6 9. e3 cxd4 10. Nxd4 Nxc3 11. bxc3 Qc7 12. Bd2 Bd7 13. Rb1 a6 14. Qe2 Rab8
15. Rb2 Ne5 16. Rfb1 b5 17. a4 Nc4 18. Rb3 Nxd2 19. Qxd2 bxa4 20. Rb7 Rxb7 21.
Rxb7 Qd6 22. Qb2 a3 23. Qb3 e5 24. Rb6 Qc7 25. Rb7 Qd6 26. Rb6 a2 27. Qb2 Qxb6
28. Nb3 a1=Q+ 29. Qxa1 Qxb3 {White resigns} 0-1

[Event "Team 45 45 League T79"]
[Site "Internet Chess Club"]
[Date "2018.12.28"]
[Round "1"]
[White "Grenadier"]
[Black "Skeptic1972"]
[Result "1-0"]
[WhiteElo "1584"]
[BlackElo "1465"]
[Opening "French: advance, Milner-Barry gambit"]
[ECO "C02"]
[Time "14:00:52"]
[TimeControl "2700+45"]

1. e4 e6 2. d4 d5 3. e5 c5 4. c3 Nc6 5. Nf3 Qb6 6. Bd3 Bd7 7. dxc5 Bxc5 8. O-O
Qc7 9. Re1 Nge7 10. Bf4 Ng6 11. Bg3 O-O 12. Nbd2 Rac8 13. Nb3 Bb6 14. Rc1 Qd8
15. Bb1 Na5 16. Nbd4 Nc4 17. b3 Na5 18. Qd3 Nc6 19. h4 h5 20. Ng5 Nxd4 21. cxd4
Rxc1 22. Rxc1 f5 23. exf6 Rxf6 24. Qe2 Bxd4 25. Qxh5 Nf8 26. Bh7+ Nxh7 27. Qxh7+
Kf8 28. Bd6+ Ke8 29. Qg8+ Rf8 30. Qxf8# {Black checkmated} 1-0

[Event "Team 45 45 League T79"]
[Site "Internet Chess Club"]
[Date "2019.01.01"]
[Round "1"]
[White "JPSVI"]
[Black "GoIrish"]
[Result "0-1"]
[WhiteElo "1435"]
[BlackElo "1509"]
[Opening "Réti: King's Indian attack"]
[ECO "A05"]
[Time "16:01:13"]
[TimeControl "2700+45"]

1. Nf3 Nf6 2. g3 g6 3. Bg2 Bg7 4. O-O O-O 5. d3 d6 6. e4 c5 7. Nbd2 Nc6 8. a4
Rb8 9. Nc4 b6 10. c3 Ba6 11. Qe2 Bxc4 12. dxc4 Nd7 13. Bg5 h6 14. Bf4 Nde5 15.
Nxe5 Nxe5 16. Bxe5 Bxe5 17. f4 Bg7 18. Rfd1 Qc7 19. Qd3 Rbd8 20. Bh3 e6 21. Bg2
Qe7 22. Rd2 f5 23. exf5 gxf5 24. Qe2 Kh8 25. Re1 Rf6 26. Bd5 e5 27. fxe5 Qxe5
28. Qxe5 dxe5 29. Rxe5 f4 30. Rde2 Rff8 31. gxf4 Bxe5 32. fxe5 Rd7 33. e6 Rg7+
34. Kh1 Rf1# {White checkmated} 0-1

[Event "Team 45 45 League T79"]
[Site "Internet Chess Club"]
[Date "2018.12.21"]
[Round "1"]
[White "disinformator"]
[Black "harlyman"]
[Result "1-0"]
[WhiteElo "1820"]
[BlackElo "1697"]
[Opening "Dunst (Sleipner,Heinrichsen) opening"]
[ECO "A00"]
[Time "16:01:01"]
[TimeControl "2700+45"]

1. Nc3 e5 2. h3 Nf6 3. g4 h6 4. Bg2 d5 5. e3 Nc6 6. Nge2 Be7 7. Ng3 O-O 8. d3
Be6 9. O-O a6 10. Nce2 Bd6 11. f4 g6 12. f5 Bc8 13. e4 Bc5+ 14. Kh1 g5 15. h4
gxh4 16. Bxh6 hxg3 17. g5 Ng4 18. Nxg3 Nf2+ 19. Rxf2 Bxf2 20. Nh5 f6 21. Qg4 Kf7
22. Nxf6 Rh8 23. Qh5+ Ke7 24. Qg6 Nb4 25. exd5 Qf8 26. Bh3 Rxh6 27. Ng8+ Kd8 28.
Nxh6 Bd7 29. Nf7+ Kc8 30. Nxe5 Qh8 31. Kg2 Qxe5 32. Kxf2 Nxc2 33. Qg8+ Be8 34.
f6+ Kb8 35. Rf1 Qe3+ 36. Kg2 Ne1+ 37. Kh2 Qe5+ 38. Kh1 Ka7 39. Qe6 Nxd3 40. Qxe5
Nxe5 41. Be6 Bb5 42. Re1 Nf3 43. Rc1 Rh8+ 44. Kg2 Nxg5 45. Rxc7 Ne4 46. f7 Nd6
47. b3 Kb6 48. Re7 Bd3 49. Rd7 Be4+ 50. Kf2 Nxf7 51. Rxf7 Rh2+ 52. Ke3 Bb1 53.
a4 Rg2 54. Kd4 Rd2+ 55. Ke5 Re2+ 56. Kf6 Rf2+ 57. Ke7 Rd2 58. d6 Rc2 59. d7 Rc7
60. Kd6 Rc6+ 61. Ke5 Kc7 62. Rf8 Rc5+ 63. Kf6 {Black resigns} 1-0

[Event "Team 45 45 League T79"]
[Site "Internet Chess Club"]
[Date "2018.12.21"]
[Round "1"]
[White "backrankbrawler"]
[Black "cadmiumorange"]
[Result "1-0"]
[WhiteElo "1725"]
[BlackElo "1781"]
[Opening "Modern defense"]
[ECO "A40"]
[Time "09:00:32"]
[TimeControl "2700+45"]

1. d4 g6 2. Nf3 Bg7 3. e3 d6 4. Be2 Nd7 5. O-O Ngf6 6. c4 O-O 7. Nc3 c6 8. b4 a5
9. b5 c5 10. b6 Qxb6 11. Nb5 Qd8 12. a4 Ne4 13. Bd3 Ndf6 14. Qc2 Bf5 15. Nh4 e6
16. Nxf5 exf5 17. Rb1 Qe7 18. d5 h5 19. f3 Ng5 20. Bd2 Rfc8 21. Rfe1 Ngh7 22.
Rb3 h4 23. Reb1 h3 24. g3 Ng5 25. Kf2 Nfe4+ 26. fxe4 fxe4 27. Be2 Qf6+ 28. Kg1
Nf3+ 29. Bxf3 Qxf3 30. Be1 Be5 31. Qf2 Qg4 32. Bc3 Rf8 33. Bxe5 dxe5 34. Nc3 f5
35. Rxb7 f4 36. Qe2 Qxe2 37. Nxe2 fxe3 38. Nc3 Rf2 39. R7b2 Raf8 40. Nxe4 {Black
resigns} 1-0

[Event "Team 45 45 League T79"]
[Site "Internet Chess Club"]
[Date "2019.01.04"]
[Round "1"]
[White "walkover"]
[Black "Zugzwanged"]
[Result "0-1"]
[WhiteElo "1695"]
[BlackElo "1736"]
[Opening "Nimzo-Indian: Sämisch, main line"]
[ECO "E29"]
[Time "09:02:14"]
[TimeControl "2700+45"]

1. d4 Nf6 2. c4 e6 3. Nc3 Bb4 4. a3 Bxc3+ 5. bxc3 c5 6. e3 O-O 7. Bd3 Nc6 8. Ne2
b6 9. e4 e5 10. d5 Na5 11. Ng3 d6 12. O-O Re8 13. f4 exf4 14. Bxf4 Ng4 15. Nf5
Ne5 16. Bxe5 Rxe5 17. Rf3 Bxf5 18. exf5 Qf6 19. Ra2 Rae8 20. Re2 h6 21. Rff2 Qh4
22. g3 Qg4 23. Kg2 Nxc4 24. Bxc4 Qxc4 25. Rxe5 Rxe5 26. f6 Qxd5+ 27. Qxd5 Rxd5
28. fxg7 Kxg7 29. Rf4 Rd3 30. Rg4+ Kf6 31. Rh4 Kg5 32. Rf4 f5 33. h4+ Kg6 34. g4
fxg4 35. Rxg4+ Kf5 36. Rg7 Rxc3 37. Rxa7 d5 38. Rb7 Rb3 39. a4 c4 40. a5 bxa5
{White resigns} 0-1

[Event "Team 45 45 League T79"]
[Site "Internet Chess Club"]
[Date "2018.12.25"]
[Round "1"]
[White "leandromorg"]
[Black "Beetlejuice"]
[Result "1/2-1/2"]
[WhiteElo "1752"]
[BlackElo "1712"]
[Opening "Dutch with c4 & Nc3"]
[ECO "A87"]
[Time "06:13:25"]
[TimeControl "2700+45"]

1. d4 f5 2. c4 Nf6 3. Nc3 g6 4. g3 Bg7 5. Bg2 d6 6. Nf3 O-O 7. O-O Qe8 8. d5 a5
9. Nd4 Na6 10. a3 Bd7 11. b3 Nc5 12. Bb2 c6 13. b4 axb4 14. axb4 Rxa1 15. Qxa1
Nce4 16. Rd1 cxd5 17. cxd5 Nxc3 18. Bxc3 Qc8 19. Rc1 Qb8 20. Ne6 Bxe6 21. dxe6
Rc8 22. b5 b6 23. Bd4 Rxc1+ 24. Qxc1 Ne4 25. Bxg7 Kxg7 26. Bxe4 fxe4 27. Qc6 Qa7
28. Qxe4 Kf6 29. Kg2 Qa5 30. Qd5 Qb4 31. e3 Qc5 32. Qb3 Qe5 33. f4 Qxe6 34.
Qxe6+ Kxe6 35. e4 d5 36. Kf3 Kd6 37. e5+ Kc5 38. g4 Kxb5 39. f5 gxf5 40. gxf5
Kc6 41. Ke3 b5 42. Kd4 b4 43. Kd3 Kd7 44. Kd4 Ke8 45. Kd3 Kf7 46. Kd4 Kg7 47. h4
Kf7 48. Kd3 Kg7 49. Kd4 Kf7 {Game drawn by mutual agreement} 1/2-1/2

[Event "Team 45 45 League T79"]
[Site "Internet Chess Club"]
[Date "2018.12.27"]
[Round "1"]
[White "bobhill"]
[Black "MarcB"]
[Result "0-1"]
[WhiteElo "1789"]
[BlackElo "1679"]
[Opening "Queen's pawn game"]
[ECO "D02"]
[Time "10:04:44"]
[TimeControl "2700+45"]

1. d4 d5 2. Nf3 c6 3. Bg5 h6 4. Bh4 Qb6 5. e3 Qxb2 6. Nbd2 e6 7. Bd3 Be7 8. Bg3
Nf6 9. O-O O-O 10. Rb1 Qxa2 11. Nb3 Qa3 12. Qe2 Nbd7 13. Ra1 Qb4 14. Rfb1 Qb6
15. Nc5 Qd8 16. Nxb7 Bxb7 17. Rxb7 a5 18. Bc7 Qc8 19. Ba6 Bb4 20. Ra7 Qe8 21.
Rxa8 Qxa8 22. Bxa5 Bxa5 23. Rxa5 Qa7 24. Nd2 Qb6 25. Ra1 Qb2 26. Nb3 c5 27. Qd1
c4 28. Nd2 Ra8 29. Rb1 Qc3 30. Bb5 Nf8 31. Nf3 Ng6 32. Ne1 Ne4 33. Qe2 Rb8 34.
Qd1 Nd2 35. Ra1 Rxb5 36. Nf3 Nxf3+ 37. gxf3 Ra5 38. Rb1 Kh7 39. Kg2 Ra2 40. Rc1
Nh4+ 41. Kg3 g5 42. Kg4 Kg6 43. f4 h5+ 44. Kh3 f6 45. fxg5 fxg5 46. Qe2 Qd3 47.
Qxh5+ Kxh5 48. cxd3 Rxf2 49. Rg1 cxd3 50. e4 Rf3+ 51. Rg3 Rxg3+ 52. Kxg3 d2
{White resigns} 0-1

[Event "Team 45 45 League T79"]
[Site "Internet Chess Club"]
[Date "2018.12.29"]
[Round "1"]
[White "nealbruce"]
[Black "WillC"]
[Result "1-0"]
[WhiteElo "1691"]
[BlackElo "1639"]
[Opening "Pirc: Austrian attack"]
[ECO "B09"]
[Time "14:02:20"]
[TimeControl "2700+45"]

1. e4 d6 2. d4 Nf6 3. Nc3 g6 4. f4 Bg7 5. Nf3 O-O 6. Be2 c5 7. dxc5 dxc5 8. O-O
Qb6 9. Kh1 Rd8 10. Qe1 Bd7 11. e5 Ne8 12. Nd5 Qe6 13. Bc4 Kf8 14. Ng5 Qg4 15.
Be2 Bb5 16. Bxg4 Bxf1 17. Nxh7+ Kg8 18. Nxe7+ Kxh7 19. Qxf1 Bf8 20. Qc4 Kg7 21.
Nd5 Nc6 22. Be3 Na5 23. Qe4 Nc6 24. h3 f5 25. exf6+ Nxf6 26. Nxf6 Kxf6 27. Bf2
Re8 28. Bh4+ Kg7 29. Qc4 Nd4 30. Bf2 b5 31. Bxd4+ cxd4 32. Qxd4+ Kh7 33. Rd1 Re7
34. c3 Bg7 35. Qd5 Rae8 36. Qxb5 Re1+ 37. Rxe1 Rxe1+ 38. Kh2 {Black resigns} 1-0

[Event "Team 45 45 League T79"]
[Site "Internet Chess Club"]
[Date "2018.12.29"]
[Round "1"]
[White "SuperPuzzler"]
[Black "fireball"]
[Result "1/2-1/2"]
[WhiteElo "1713"]
[BlackElo "1600"]
[Opening "French: Frere (Becker) variation"]
[ECO "C03"]
[Time "12:06:40"]
[TimeControl "2700+45"]

1. e4 e6 2. d4 d5 3. Nd2 dxe4 4. Nxe4 Qd5 5. Nc3 Bb4 6. Nf3 Nf6 7. Bd2 Bxc3 8.
Bxc3 Ne4 9. Bd2 c5 10. Be3 c4 11. c3 Nc6 12. Qa4 b5 13. Qc2 Bd7 14. Be2 b4 15.
O-O O-O 16. cxb4 Nxb4 17. Bxc4 Nxc2 18. Bxd5 exd5 19. Rab1 Bf5 20. Rbc1 Nxe3 21.
fxe3 g5 22. Nxg5 Bg6 23. Nh3 Rfe8 24. Nf4 Rad8 25. Rc7 Nd2 26. Rf2 Nc4 27. Nxg6
fxg6 28. Rff7 Nxe3 29. Rg7+ Kh8 30. Rxh7+ Kg8 31. Rcg7+ Kf8 32. Rxa7 Kg8 33.
Rag7+ Kf8 34. a4 Rd6 35. Rc7 Kg8 36. Rcg7+ Kf8 37. Rf7+ Kg8 38. Rhg7+ Kh8 39.
Rh7+ Kg8 40. Rfg7+ Kf8 {Game drawn by repetition} 1/2-1/2

[Event "Team 45 45 League T79"]
[Site "Internet Chess Club"]
[Date "2018.12.19"]
[Round "1"]
[White "bennywins"]
[Black "chuckh2"]
[Result "1-0"]
[WhiteElo "1626"]
[BlackElo "1352"]
[Opening "French: advance variation"]
[ECO "C02"]
[Time "19:03:50"]
[TimeControl "2700+45"]

1. e4 e6 2. d4 d5 3. e5 c5 4. c3 Qb6 5. Bd3 Bd7 6. Nf3 Nc6 7. Bc2 cxd4 8. cxd4
Nge7 9. O-O Rc8 10. Nc3 Nb4 11. Bb3 Ng6 12. Ng5 h6 13. Nxf7 Kxf7 14. Qf3+ Kg8
15. a3 Nc6 16. Nxd5 Qxd4 17. Rd1 Ngxe5 18. Qg3 Qxd1+ 19. Bxd1 exd5 20. Bb3 Be6
21. f4 Nc4 22. Bc2 Bf7 23. b3 Nd6 24. Bb2 d4 25. f5 Re8 26. f6 Re2 27. Rc1 Re3
28. Qf4 Re6 29. fxg7 Bxg7 30. Qg3 Kf8 31. Rf1 Rg8 32. Qf4 Rf6 33. Qh4 Rxf1+ 34.
Kxf1 Nc8 35. b4 b5 36. Qf4 N8e7 37. Be4 Ke8 38. Qd6 Bc4+ 39. Ke1 Be5 40. Bxc6+
Nxc6 41. Qxc6+ Kf7 42. Qd7+ Kg6 43. g4 Rg7 44. Qf5# {Black checkmated} 1-0

[Event "Team 45 45 League T79"]
[Site "Internet Chess Club"]
[Date "2018.12.20"]
[Round "1"]
[White "BrerRabbit"]
[Black "nidusin2"]
[Result "0-1"]
[WhiteElo "1324"]
[BlackElo "1459"]
[Opening "Queen's Pawn"]
[ECO "A41"]
[Time "19:07:00"]
[TimeControl "2700+45"]

1. d4 d6 2. Nf3 Nf6 3. Bf4 Nbd7 4. h3 c6 5. c4 Qc7 6. Nc3 e5 7. Bh2 e4 8. Nd2
Qa5 9. e3 d5 10. Be2 Be7 11. O-O O-O 12. cxd5 cxd5 13. Qb3 Nb6 14. Qb5 Bb4 15.
Qxa5 Bxa5 16. Nb3 Bb4 17. Rfc1 Bd7 18. a3 Be7 19. Nb5 Nc4 20. Nc3 Nxb2 21. Rc2
Rac8 22. Rxb2 Rxc3 23. Nd2 b6 24. a4 Rfc8 25. Bb5 Rc1+ 26. Rxc1 Rxc1+ 27. Nf1
Bxb5 28. axb5 Ra1 29. g4 g6 30. Kg2 Ne8 31. Rc2 Bd6 32. Nd2 Bxh2 33. Kxh2 Nd6
34. f3 exf3 35. Nxf3 Nxb5 36. Rc6 Ra3 37. Ne5 Rxe3 {White resigns} 0-1

[Event "Team 45 45 League T79"]
[Site "Internet Chess Club"]
[Date "2018.12.20"]
[Round "1"]
[White "rhayder"]
[Black "Ostap-Bender"]
[Result "0-1"]
[WhiteElo "1178"]
[BlackElo "1323"]
[Opening "Sicilian defense"]
[ECO "B44"]
[Time "20:00:48"]
[TimeControl "2700+45"]

1. e4 c5 2. Nf3 e6 3. d4 cxd4 4. Nxd4 Nc6 5. Nxc6 bxc6 6. Nc3 d5 7. exd5 cxd5 8.
Bb5+ Bd7 9. Bxd7+ Qxd7 10. O-O Nf6 11. Bg5 Be7 12. Bxf6 Bxf6 13. Qd3 O-O 14.
Rad1 Rab8 15. b3 Rfc8 16. Ne2 Qc7 17. Ng3 Qxc2 18. Qa6 Qc7 19. Rc1 Qd7 20. Nh5
Bd4 21. Qd3 Be5 22. Qe3 Qd6 23. Qg5 g6 24. Nf6+ Bxf6 25. Qxf6 Qd8 26. Rxc8 Rxc8
27. Qxd8+ Rxd8 28. Rc1 Rd7 29. Kf1 Kg7 30. Ke2 Kf6 31. Ke3 Ke5 32. Rc5 Kd6 33.
b4 Rc7 34. Rxc7 Kxc7 35. Kd4 f6 36. Kc5 Kb7 37. a4 Ka6 38. a5 Kb7 39. b5 Kc7 40.
b6+ axb6+ 41. axb6+ Kb7 42. Kb5 d4 {White resigns} 0-1

[Event "Team 45 45 League T79"]
[Site "Internet Chess Club"]
[Date "2018.12.20"]
[Round "1"]
[White "leoshi"]
[Black "liujf"]
[Result "1-0"]
[WhiteElo "1616"]
[BlackElo "1589"]
[Opening "Ruy Lopez: 5.O-O"]
[ECO "C78"]
[Time "19:15:23"]
[TimeControl "2700+45"]

1. e4 e5 2. Nf3 Nc6 3. Bb5 a6 4. Ba4 Nf6 5. O-O b5 6. Bb3 Bc5 7. a4 Rb8 8. c3 d6
9. d4 Bb6 10. a5 Ba7 11. Re1 O-O 12. Bg5 h6 13. Be3 Re8 14. dxe5 dxe5 15. Bxa7
Qxd1 16. Rxd1 Nxa7 17. Nbd2 Bb7 18. Re1 Nc6 19. Nf1 Rbd8 20. Ng3 Rd7 21. Nf5 Rd3
22. Bc2 Rdd8 23. b4 Nd7 24. Rad1 Kf8 25. Bb3 Ne7 26. N3h4 Nxf5 27. Nxf5 Nf6 28.
f3 Nd7 29. Rd2 c6 30. Red1 Bc8 31. Nd6 Nf6 32. Nxe8 Rxe8 33. Rd8 Bd7 34. Rxe8+
Kxe8 35. Kf2 Ke7 36. Ke3 Ke8 37. g4 Ke7 38. h4 g6 39. g5 hxg5 40. hxg5 Nh5 41.
Bxf7 Nf4 42. Bb3 Nh3 43. c4 Be6 44. Rc1 Nxg5 45. Rc3 Kd7 46. cxb5 cxb5 47. Bxe6+
Nxe6 48. Rd3+ Nd4 49. Rxd4+ exd4+ 50. Kxd4 Kd6 51. f4 Kc6 52. Ke5 Kd7 53. Kf6
Kd6 54. Kxg6 Ke6 55. Kg7 Kd6 56. Kf7 Kd7 57. e5 Kc6 58. e6 Kd5 59. f5 Kc4 60. e7
Kxb4 61. e8=Q Kxa5 62. f6 Ka4 63. Kg8 Ka5 64. f7 Ka4 65. f8=Q Ka5 66. Qa3+ Kb6
67. Qe6+ Kb7 68. Qaxa6+ Kc7 69. Qab6# {Black checkmated} 1-0

[Event "Team 45 45 League T79"]
[Site "Internet Chess Club"]
[Date "2018.12.28"]
[Round "1"]
[White "dalmata"]
[Black "Newbao"]
[Result "1/2-1/2"]
[WhiteElo "1471"]
[BlackElo "1411"]
[Opening "Grünfeld: modern exchange variation"]
[ECO "D90"]
[Time "12:00:11"]
[TimeControl "2700+45"]

1. d4 Nf6 2. c4 g6 3. Nf3 Bg7 4. Nc3 d5 5. cxd5 Nxd5 6. e4 Nxc3 7. bxc3 c5 8.
Bb5+ Bd7 9. Qa4 O-O 10. O-O cxd4 11. cxd4 Bxb5 12. Qxb5 Bxd4 13. Rb1 Bb6 14. Bh6
Re8 15. Qb2 f6 16. Rfd1 Qc7 17. Qb3+ e6 18. Be3 Bxe3 19. fxe3 Re7 20. Nd4 Kf7
21. Rbc1 Nc6 22. Nxc6 bxc6 23. Rf1 Rb8 24. Qc3 e5 25. Qxc6 Qxc6 26. Rxc6 Rb6 27.
Rfxf6+ Kg7 28. Rxb6 axb6 29. Rxb6 Ra7 {Game drawn by mutual agreement} 1/2-1/2

[Event "Team 45 45 League T79"]
[Site "Internet Chess Club"]
[Date "2018.12.22"]
[Round "1"]
[White "creativechesski"]
[Black "Visin"]
[Result "1/2-1/2"]
[WhiteElo "1573"]
[BlackElo "1227"]
[Opening "Ruy Lopez: modern Steinitz defense, 5.O-O"]
[ECO "C72"]
[Time "14:00:29"]
[TimeControl "2700+45"]

1. e4 e5 2. Nf3 Nc6 3. Bb5 a6 4. Ba4 d6 5. O-O Bd7 6. c3 Nf6 7. Re1 Be7 8. d4 b5
9. Bb3 O-O 10. Bg5 h6 11. Bh4 Bg4 12. d5 Na5 13. Bc2 Nc4 14. b3 Nb6 15. h3 Bh5
16. Nbd2 Rc8 17. Bxf6 Bxf6 18. c4 c6 19. Bd3 cxd5 20. cxd5 Qe7 21. a4 Rc3 22.
Nb1 Bxf3 23. gxf3 Rc7 24. axb5 axb5 25. Bxb5 Bh4 26. Qd2 Nd7 27. Bxd7 Qxd7 28.
Kh2 Rfc8 29. Na3 Rc3 30. Re3 Rxe3 31. fxe3 f5 32. Nc4 Qe7 33. exf5 Rb8 34. Qd3
Qf6 35. e4 Qg5 36. Rg1 Qf4+ 37. Kh1 Bf2 38. Rg2 Qc1+ 39. Kh2 Qf4+ 40. Kh1 Qc1+
41. Kh2 Qf4+ 42. Kh1 Qc1+ 43. Kh2 {Game drawn by repetition} 1/2-1/2

[Event "Team 45 45 League T79"]
[Site "Internet Chess Club"]
[Date "2018.12.24"]
[Round "1"]
[White "Pawnchain"]
[Black "jadencheung"]
[Result "1/2-1/2"]
[WhiteElo "1416"]
[BlackElo "1451"]
[Opening "Queen's pawn: London system"]
[ECO "A45"]
[Time "12:00:53"]
[TimeControl "2700+45"]

1. d4 Nf6 2. Bf4 g6 3. Nc3 d5 4. e3 Bg7 5. Nf3 O-O 6. Be2 c5 7. Nb5 Na6 8. c3 c4
9. h3 Qb6 10. a4 Bd7 11. Qc1 Bxb5 12. axb5 Qxb5 13. Ne5 Rac8 14. O-O Nh5 15. Bh2
e6 16. b4 Nf6 17. Ra5 Qb6 18. f3 Qd8 19. Qb1 Nd7 20. Ng4 Nb6 21. Qc2 Ra8 22. e4
Nb8 23. Rfa1 Nc6 24. R5a3 h5 25. Ne3 Bh6 26. Nf1 a6 27. f4 Qh4 28. Bg3 Qf6 29.
e5 Qe7 30. Nh2 Rfc8 31. Nf3 Qd8 32. h4 Ne7 33. Ng5 Nf5 34. Bf2 Nd7 35. g4 hxg4
36. Bxg4 Nf8 37. Bxf5 exf5 38. Qe2 Ne6 39. Nxe6 fxe6 40. Qf3 Qe8 41. R1a2 Qf7
42. Qg3 Kf8 43. Be3 Ke7 44. Rg2 Rg8 45. Bc1 Rg7 46. b5 a5 47. Ra4 b6 48. Ba3+
Kd7 49. Bc1 Rh8 50. Rh2 Rgg8 51. Qf3 Bf8 52. Rxc4 {Game drawn by mutual
agreement} 1/2-1/2

[Event "Team 45 45 League T79"]
[Site "Internet Chess Club"]
[Date "2018.12.23"]
[Round "1"]
[White "cadmiumorange"]
[Black "President"]
[Result "1-0"]
[WhiteElo "1775"]
[BlackElo "1658"]
[Opening "Philidor: Nimzovich, Klein variation"]
[ECO "C41"]
[Time "11:00:30"]
[TimeControl "2700+45"]

1. e4 e5 2. Nf3 d6 3. d4 Nf6 4. Bc4 Nxe4 5. dxe5 Be7 6. Qd5 Be6 7. Qxb7 Bxc4 8.
Qxa8 d5 9. Nbd2 Nxd2 10. Bxd2 Bc5 11. b3 Bb5 12. Bg5 Qc8 13. Qxd5 Bb4+ 14. Bd2
Bc6 15. Qc4 Be7 16. O-O O-O 17. Bb4 Re8 18. Bxe7 Rxe7 19. Nd4 Qe8 20. Nxc6 Nxc6
21. f4 Nd8 22. Rad1 c6 23. Rd6 g5 24. Rfd1 Nb7 25. R6d3 gxf4 26. Qxf4 Rxe5 27.
Rg3+ Kf8 28. Qh6+ Ke7 29. Rgd3 Re6 30. Qxh7 Nd6 31. c4 c5 32. Qh4+ Kd7 33. Qg3
Qe7 34. Rxd6+ Rxd6 35. Rxd6+ Qxd6 36. Qxd6+ Kxd6 37. Kf2 Ke5 38. Ke3 Kf5 39. h3
a5 40. g3 f6 41. Kf3 Ke5 42. h4 f5 43. h5 Kf6 44. Kf4 Ke6 45. h6 Kf6 46. h7 Kg7
47. Kxf5 Kxh7 48. Ke5 {Black resigns} 1-0

[Event "Team 45 45 League T79"]
[Site "Internet Chess Club"]
[Date "2018.12.22"]
[Round "1"]
[White "RD1974"]
[Black "KCChessc6"]
[Result "1-0"]
[WhiteElo "1607"]
[BlackElo "1699"]
[Opening "Caro-Kann: anti-anti-Caro-Kann defense"]
[ECO "B10"]
[Time "10:01:30"]
[TimeControl "2700+45"]

1. e4 c6 2. c4 d5 3. cxd5 cxd5 4. exd5 Nf6 5. Nc3 Nxd5 6. Nf3 Nc6 7. Bc4 Nb6 8.
Bxf7+ Kxf7 9. d4 g6 10. Ng5+ Kg8 11. d5 Nb4 12. Qe2 Qd7 13. Ne6 N4xd5 14. Nxf8
Kxf8 15. Bh6+ Kf7 16. Ne4 Qg4 17. Ng5+ Ke8 18. Qe5 Qb4+ 19. Kf1 Rg8 20. Ne6 Bxe6
21. Qxe6 Qd6 22. Qxg8+ Kd7 23. Qf7 Rc8 24. g3 Rc2 25. Kg2 Rxb2 26. Rhd1 Qe6 27.
Qf3 Qf5 28. Qxf5+ gxf5 29. Be3 e6 30. a4 a5 31. Rab1 Nxa4 32. Rxb2 Nxb2 33. Rb1
Nc4 34. Rxb7+ Kc6 35. Rxh7 Ndxe3+ 36. fxe3 Nxe3+ 37. Kf3 Ng4 38. h3 Nf6 39. Ra7
Kb5 40. Rf7 Ne4 41. h4 a4 42. Rb7+ Ka6 43. Rb8 {Black resigns} 1-0

[Event "Team 45 45 League T79"]
[Site "Internet Chess Club"]
[Date "2018.12.23"]
[Round "1"]
[White "misuc56"]
[Black "ChessMaine"]
[Result "1/2-1/2"]
[WhiteElo "1471"]
[BlackElo "1493"]
[Opening "QGD: 3...Nf6"]
[ECO "D35"]
[Time "07:00:49"]
[TimeControl "2700+45"]

1. d4 d5 2. c4 e6 3. Nc3 Nf6 4. e3 Be7 5. Bd2 O-O 6. f4 c5 7. cxd5 cxd4 8. exd4
exd5 9. Nf3 Nc6 10. Be2 Bf5 11. a3 Re8 12. O-O Rc8 13. Bb5 a6 14. Bxc6 bxc6 15.
h3 c5 16. Rc1 cxd4 17. Nxd4 Bc5 18. Be1 Qb6 19. Bf2 Be4 20. Na4 Qd6 21. Nxc5
Rxc5 22. Rxc5 Qxc5 23. Re1 Qc7 24. g3 Qd7 25. Kh2 Rc8 26. g4 h6 27. f5 Nh7 28.
Bg3 Qb7 29. Re2 Nf6 30. Rf2 Qb6 31. Be5 Nd7 32. Bg3 Rc4 33. Rd2 Nc5 34. h4 Nd7
35. Qg1 Qf6 36. Qf2 Ne5 37. Bxe5 Qxe5+ 38. Qg3 Qe8 39. g5 Rc1 40. Nf3 Bxf3 41.
Qxf3 Qe5+ 42. Kh3 hxg5 43. hxg5 d4 44. Re2 Rh1+ 45. Qxh1 Qxe2 46. g6 Qh5+ 47.
Kg2 Qxh1+ 48. Kxh1 fxg6 49. fxg6 Kf8 50. Kg2 Ke7 51. Kf3 Kf6 52. Ke4 Kxg6 53.
Kxd4 Kf5 54. Ke3 Ke5 55. b4 Kd5 56. a4 Kc6 57. Kf4 Kd5 58. b5 axb5 59. axb5 Kc5
60. Kg5 Kxb5 61. Kg6 Kc6 62. Kxg7 {Game drawn because neither player has mating
material} 1/2-1/2

[Event "Team 45 45 League T79"]
[Site "Internet Chess Club"]
[Date "2018.12.24"]
[Round "1"]
[White "SuperPuzzler"]
[Black "mongmong"]
[Result "1/2-1/2"]
[WhiteElo "1713"]
[BlackElo "1495"]
[Opening "French: Tarrasch"]
[ECO "C03"]
[Time "20:03:31"]
[TimeControl "2700+45"]

1. e4 e6 2. d4 d5 3. Nd2 h6 4. Ngf3 Nf6 5. e5 Nfd7 6. b3 c5 7. c3 Nc6 8. Bb2
cxd4 9. cxd4 a6 10. Rc1 Be7 11. Bd3 Qb6 12. O-O Nb4 13. Bb1 Nb8 14. Re1 Bd7 15.
Nf1 a5 16. Ng3 N8c6 17. a3 Na6 18. Qd3 Na7 19. Bc2 Bb5 20. Qd2 O-O 21. a4 Bd7
22. Qd3 g6 23. Qe3 Kg7 24. h3 Rac8 25. Nh2 Nb4 26. Bb1 Rxc1 27. Rxc1 Rc8 28.
Rxc8 Nxc8 29. Ne2 Qc7 30. Qg3 Be8 31. h4 Qd8 32. h5 Bh4 33. Qg4 Qg5 34. hxg6
Qxg4 35. Nxg4 fxg6 36. g3 Be7 37. Bc1 g5 38. f4 Bg6 39. Bxg6 Kxg6 40. fxg5 hxg5
41. Kf2 Na7 {Game drawn by mutual agreement} 1/2-1/2

[Event "Team 45 45 League T79"]
[Site "Internet Chess Club"]
[Date "2018.12.29"]
[Round "1"]
[White "VictorRed"]
[Black "elessar"]
[Result "1-0"]
[WhiteElo "1731"]
[BlackElo "1635"]
[Opening "English: Anglo-Dutch defense"]
[ECO "A10"]
[Time "19:03:21"]
[TimeControl "2700+45"]

1. c4 f5 2. g3 Nf6 3. Bg2 e6 4. Nc3 Be7 5. d3 O-O 6. Nf3 d6 7. Qc2 Nc6 8. a3 Qe8
9. Nb5 Bd8 10. Nbd4 Nxd4 11. Nxd4 e5 12. Nb5 a6 13. Nc3 Rb8 14. Qb3 c6 15. e4
Kh8 16. O-O Bc7 17. Be3 Qd8 18. Qc2 Qe8 19. Rad1 Ng4 20. Bc1 Qh5 21. h3 Nh6 22.
Bxh6 gxh6 23. exf5 Bxf5 24. g4 Bxg4 25. hxg4 Qxg4 26. Qe2 Qh4 27. Ne4 Rg8 28.
Ng3 Rbf8 29. Qe3 Rf4 30. Rd2 Qd8 31. b4 Rgg4 32. Nh5 Rxg2+ 33. Kxg2 Qg5+ 34. Ng3
h5 35. Rg1 h4 36. Kf1 hxg3 37. Qxg3 Qxg3 38. Rxg3 Bb6 39. f3 Rf6 40. Rdg2 Rg6
41. Rxg6 hxg6 42. Rxg6 Bd4 43. Rxd6 Bb2 44. Rd8+ Kg7 45. Rd7+ Kf6 46. Rxb7 Bxa3
47. Ke2 c5 48. Rb6+ Kf5 49. bxc5 Bxc5 50. Rxa6 Kf4 51. Ra5 {Black resigns} 1-0

[Event "Team 45 45 League T79"]
[Site "Internet Chess Club"]
[Date "2018.12.21"]
[Round "1"]
[White "Hal2001"]
[Black "QuieroAprender"]
[Result "0-1"]
[WhiteElo "1590"]
[BlackElo "1620"]
[Opening "Giuoco Piano"]
[ECO "C54"]
[Time "21:10:01"]
[TimeControl "2700+45"]

1. e4 e5 2. Nf3 Nc6 3. Bc4 Bc5 4. c3 Nf6 5. d3 h6 6. Nbd2 d6 7. Bb3 a6 8. h3 d5
9. Qe2 d4 10. Nf1 dxc3 11. bxc3 O-O 12. Ng3 Qe7 13. O-O Be6 14. Be3 Bxe3 15.
fxe3 Bxb3 16. axb3 Qc5 17. Rfc1 Rad8 18. d4 Qe7 19. d5 Nb8 20. Nf5 Qe8 21. Nd2
h5 22. Qf2 g6 23. Qg3 Nbd7 24. b4 Kh7 25. Nh4 Rc8 26. Nhf3 Qe7 27. Qg5 c6 28.
Nc4 cxd5 29. Ncxe5 Nxe5 30. Nxe5 Rc7 31. exd5 Nxd5 32. Nxg6 Qxg5 {White resigns}
0-1